 Dungeon Crawl Stone Soup version 0.28-a0-592-g6fc52098c6 (webtiles) character file.

Game seed: 2603465990731644296

1740 Antediluvian the Skirmisher (level 9, -5/72 HPs)
             Began as a Formicid Monk on Oct 3, 2021.
             Was a Believer of Nemelex Xobeh.
             Slain by an orc warlord (26 damage)
             ... in a bailey.
             The game lasted 00:22:42 (11092 turns).

Antediluvian the Skirmisher (Formicid Monk)        Turns: 11092, Time: 00:22:42

Health: -5/72      AC: 12    Str: 18    XL:     9   Next: 26%
Magic:  12/12      EV: 11    Int: 11    God:    Nemelex Xobeh [**....]
Gold:   272        SH:  5    Dex: 13    Spells: 8/8 levels left

rFire   + . .      SeeInvis +   x - +2 whip (flame)
rCold   . . .      Faith    .   (no shield)
rNeg    . . .      Spirit   .   u - +2 ring mail {rPois}
rPois   +          Reflect  +   (helmet unavailable)
rElec   .          Harm     .   (no cloak)
rCorr   .          Rampage  .   w - +0 pair of gloves
Will    +....                   p - +2 pair of boots
Stlth   +.........              j - amulet of reflection
HPRegen 0.22/turn               o - ring of protection from fire
MPRegen 0.13/turn               q - ring of willpower

@: mighty
A: permanent stasis, dig shafts and tunnels, antennae 3, four strong arms
a: Dig, Renounce Religion, Draw Escape, Draw Destruction, Draw Summoning


You were in a bailey.
You worshipped Nemelex Xobeh.
Nemelex Xobeh was pleased with you.
You visited 1 branch of the dungeon, and saw 7 of its levels.
You also visited: Bailey.

You collected 272 gold pieces.

Inventory:

Hand Weapons
 a - a +0 mace
 n - a +0 whip
 v - a +0 flail of venom
 x - a +2 whip of flaming (weapon)
Armour
 k - a +0 ring mail
 p - a +2 pair of boots (worn)
 r - a +0 tower shield
 u - a +2 ring mail of poison resistance (worn)
 w - a +0 pair of gloves (worn)
Jewellery
 j - an amulet of reflection (around neck)
 o - a ring of protection from fire (left hand)
 q - a ring of willpower (right hand)
Scrolls
 b - 2 scrolls of teleportation
 e - 2 scrolls of enchant weapon {unknown}
 g - a scroll of noise {unknown}
 l - 2 scrolls of vulnerability
 s - a scroll of acquirement {unknown}
 y - a scroll of identify
 B - a scroll of fog {unknown}
Potions
 c - a potion of berserk rage
 d - 2 potions of attraction
 f - a potion of cancellation {unknown}
 h - a potion of invisibility {unknown}
 i - a potion of ambrosia
 m - a potion of heal wounds {unknown}
 t - a potion of degeneration {unknown}
 z - a potion of might
 A - a potion of mutation {unknown}


   Skills:
 + Level 7.0 Fighting
 + Level 6.4 Maces & Flails
 + Level 6.0 Armour
 - Level 2.6 Dodging
 - Level 2.4 Stealth
 + Level 4.5 Shields
 + Level 4.1 Invocations


You had 8 spell levels left.
You didn't know any spells.
Your spell library contained the following spells:

 Spells                   Type           Power      Damage    Failure   Level
 Sandblast                Erth           0%         2d4       52%         1
 Passwall                 Tmut/Erth      0%         N/A       65%         2
 Lesser Beckoning         Tloc           0%         N/A       87%         3
 Stone Arrow              Conj/Erth      0%         3d7       87%         3
 Manifold Assault         Tloc           0%         N/A       100%        5
 Blink                    Tloc           Unusable   N/A       N/A         2

Dungeon Overview and Level Annotations

Branches:
Dungeon (6/15)             Temple (0/1) D:5          Bailey (1/1)

Altars:
Hepliaklqana
Makhleb
Nemelex Xobeh
Xom
Zin

Shops:
D:6 :?

Annotations:
D:3 2 runed translucent doors, yegreS's ghost, amateur MiFi


Innate Abilities, Weirdness & Mutations

You cannot be hasted, slowed, berserked, paralysed or teleported.
You can dig through walls and to a lower floor.
You have a pair of large antennae on your head. (SInv)
Your four strong arms can wield two-handed weapons with a shield.


Message History

The orc warlord hits your ice beast with a +0 war axe!!
Your ice beast dies!
Your ice beast disappears in a puff of smoke!
You hit the orc warlord. You burn the orc warlord.
The orc warlord is heavily wounded.
Your raiju bursts into living lightning!
The living lightning hits the orc warlord!
The living lightning hits your fire vortex.
Your fire vortex resists.
Your raiju blinks!
You hit the orc warlord. You burn the orc warlord.
The orc warlord is severely wounded.
The orc warlord closely misses you.
You whack the orc warlord! You burn the orc warlord.
The orc warlord is severely wounded.
The orc warlord hits you with a +0 war axe!!
You barely miss the orc warlord.
The orc warlord is severely wounded.
You block the orc warlord's attack.
You whack the orc warlord! You burn the orc warlord.
The orc warlord is severely wounded.
You hit the orc warlord. You burn the orc warlord.
The orc warlord is almost dead.
You block the orc warlord's attack.
You hit the orc warlord. You burn the orc warlord.
The orc warlord is almost dead.
The orc warlord closely misses you.
The orc warlord hits your raiju with a +0 war axe!
Your raiju bursts into living lightning!
The living lightning hits the orc warlord!
Your raiju blinks!
You catch the helpless orc warlord completely off-guard!
You hit the orc warlord but do no damage.
The orc warlord is almost dead.
The orc warlord hits you with a +0 war axe!
* * * LOW HITPOINT WARNING * * *
You closely miss the orc warlord.
The orc warlord is almost dead.
The orc warlord hits you with a +0 war axe!!
You die...
Your body disappears without a glow.

∩..(≈≈≈.# ..∩... #.≈≈≈...∩
♣...≈≈≈.#≈.........≈#.≈≈≈K..♣
♣...≈≈≈.# ≈.8...8.≈ #.≈≈≈K..♣
♣♣.{###'###.......###'###{.♣♣
♣.##....#≈.8...8.≈#....##.♣
♣##.....#≈≈≈≈≈≈h≈≈#.....##♣
##......####≈≈≈####......##
#...8.....v#'o'#......8...#
#...........§@............#
#.........................#
##..8..8...........8..8..##
##.......#######.......##
##.....## ##.....## ##...##
##...## ##### #####


You could see an orc warlord (ally target), a friendly raiju (summoned, ally
target) and a friendly fire vortex (summoned).

Vanquished Creatures
  Grinder (D:5)
  Eustachio (D:5)
  A black bear (D:4)
  2 orc warriors (Bailey)
  An ice beast (D:6)
  An ogre (D:5)
  4 scorpions
  3 orc priests (D:5)
  A centaur skeleton (D:4)
  A bullfrog skeleton (D:3)
  3 orc wizards
  Natasha (twice) (D:3)
  An iguana (D:6)
  Terence (D:3)
  2 hound skeletons (D:4)
  6 gnolls
  6 adders
  A white imp (D:5)
  An ufetubus (D:6)
  4 worms
  3 dart slugs
  21 orcs
  13 endoplasms
  9 giant cockroaches
  6 goblins
  11 hobgoblins
  9 jackals
  17 kobolds
  5 quokkas
  7 ball pythons
  2 bats
  2 frilled lizards
  5 rats
153 creatures vanquished.

Vanquished Creatures (collateral kills)
  An ogre (D:6)
  An adder (D:6)
  3 orcs
5 creatures vanquished.

Vanquished Creatures (others)
  6 fungi (D:3)
  16 plants
22 creatures vanquished.

Grand Total: 180 creatures vanquished

Notes
Turn   | Place    | Note
-------+----------+-------------------------------------------
     0 | D:1      | Antediluvian the Formicid Monk began the quest for the Orb.
     0 | D:1      | Reached XP level 1. HP: 18/18 MP: 1/1
   313 | D:1      | Reached XP level 2. HP: 13/24 MP: 2/2
   457 | D:1      | Reached skill level 1 in Armour
  1290 | D:1      | Reached XP level 3. HP: 30/30 MP: 3/3
  2010 | D:2      | Reached XP level 4. HP: 23/37 MP: 4/4
  2158 | D:2      | Reached skill level 4 in Fighting
  3837 | D:3      | Reached XP level 5. HP: 42/42 MP: 5/5
  4009 | D:3      | Noticed Terence
  4159 | D:3      | Killed Terence
  4388 | D:3      | Found a large runed translucent door.
  4388 | D:3      | Found a large runed translucent door.
  4414 | D:3      | Noticed yegreS's ghost (amateur MiFi)
  4897 | D:3      | Noticed Natasha
  4914 | D:3      | Killed Natasha
  4915 | D:3      | Reached XP level 6. HP: 27/50 MP: 6/6
  5104 | D:3      | Reached skill level 5 in Fighting
  5125 | D:3      | Noticed Natasha
  5278 | D:3      | Found a faded altar of an unknown god.
  5369 | D:3      | Killed Natasha
  5741 | D:4      | Noticed a black bear
  5770 | D:4      | Killed a black bear
  5771 | D:4      | Reached XP level 7. HP: 9/56 MP: 7/7
  6078 | D:4      | Reached skill level 5 in Maces & Flails
  6323 | D:4      | Identified the +1 robe of Reawat {Str+4 Slay+2}
  6679 | D:4      | Reached skill level 1 in Shields
  7004 | D:4      | Found a shimmering altar of Xom.
  7004 | D:4      | Found a hazy altar of Hepliaklqana.
  7004 | D:4      | Found a sparkling altar of Nemelex Xobeh.
  7019 | D:4      | Became a worshipper of Nemelex Xobeh the Trickster
  7019 | D:4      | Reached * piety under Nemelex Xobeh
  7019 | D:4      | Received a gift from Nemelex Xobeh
  7019 | D:4      | Reached ** piety under Nemelex Xobeh
  7036 | D:4      | Found a glowing silver altar of Zin.
  7039 | D:4      | Found a burning altar of Makhleb.
  7344 | D:5      | Entered Level 5 of the Dungeon
  8124 | D:5      | Found a staircase to the Ecumenical Temple.
  8130 | D:5      | Noticed Grinder
  8134 | D:5      | Killed Grinder
  8135 | D:5      | Reached skill level 6 in Fighting
  8135 | D:5      | Reached skill level 1 in Invocations
  8135 | D:5      | Reached XP level 8. HP: 64/64 MP: 7/9
  8178 | D:5      | Reached skill level 5 in Armour
  8569 | D:5      | You fall into a shaft and drop 1 floor!
  8622 | D:6      | Found Onyp's Magic Scroll Boutique.
  8684 | D:5      | Noticed Eustachio
  9208 | D:5      | Killed Eustachio
  9923 | D:6      | Reached XP level 9. HP: 71/71 MP: 11/11
  9932 | D:6      | Found Xiwkanasch's Book Shoppe.
 10038 | D:6      | You fall into a shaft and drop 1 floor!
 10091 | D:7      | Found a flagged portal.
 10101 | Bailey   | Entered a bailey
 10106 | Bailey   | Noticed an orc warlord
 10284 | Bailey   | HP: 2/71 [orc warrior (6)]
 10736 | Bailey   | Reached skill level 7 in Fighting
 11011 | Bailey   | Found a runed translucent gate.
 11014 | Bailey   | Found a runed translucent gate.
 11015 | Bailey   | Found a runed translucent gate.
 11092 | Bailey   | Slain by an orc warlord

Illustrated notes

Levels and vault maps discovered:
D:1:      lightli_arrival_farm, layout_loops_corners, minmay_worlds_worst_comb
D:2:      layout_basic, serial_forest, infiniplex_forest_lined_3,
          infiniplex_forest_clump_tiny, infiniplex_forest_clump_small,
          infiniplex_forest_pool, infiniplex_forest_split,
          infiniplex_forest_clump_long, infiniplex_forest_straight_2
D:3:      layout_loops_cross, shapermc_ecumenical_altar_mp_ritualfount,
          ebering_ghost_disaster_area, uniq_terence, uniq_natasha
D:4:      minmay_skewed_foursquare, layout_loops_ring,
          minmay_overflow_temple_star_hex, grunt_decor_resistance, minmay_vboxes
D:5:      layout_basic, minmay_temple_entry_tees, uniq_grinder, uniq_eustachio
D:6:      layout_rooms, serial_shops, shop, shop_statue, shop
D:7:      layout_basic, enter_bailey_2, minmay_misc_feat_columns
Bailey:   bailey_axe_bossmonster_kennysheep, bailey

Skill      XL: |  1  2  3  4  5  6  7  8  9 |
---------------+----------------------------+-----
Armour         | 1 2 3 4 5 6 |  6.0
Fighting       | 4 5 6 7 |  7.0
Maces & Flails | 4 5 6 |  6.4
Shields        | 2 3 4 |  4.5
Invocations    | 1 3 4 |  4.1
Dodging        | |  2.6
Stealth        | |  2.4

Action                   |  1- 3 |  4- 6 |  7- 9 || total
-------------------------+-------+-------+-------++-------
Melee: Mace              |   102 |   167 |       ||   269
       Whip              |       |   112 |   557 ||   669
Invok: Draw Destruction  |       |       |     5 ||     5
       Draw Escape       |       |       |     1 ||     1
       Draw Summoning    |       |       |     2 ||     2
 Abil: Dig               |       |       |     4 ||     4
  Use: Scroll            |       |       |     6 ||     6
       Potion            |       |       |     2 ||     2
 Stab: Sleeping          |     8 |     2 |     3 ||    13
       Distracted        |     1 |       |     2 ||     3
Armor: Robe              |    18 |     7 |       ||    25
       Ring mail         |       |    57 |   181 ||   238
Dodge: Dodged            |    52 |   122 |   274 ||   448
Block: Other             |       |    49 |   116 ||   165
       Reflection        |       |     2 |     8 ||    10

Table legend: (Time is in decaauts)
 A = Elapsed time spent in this place.
 B = Non-inter-level travel time spent in this place.
 C = Inter-level travel time spent in this place.
 D = Time resting spent in this place.
 E = Time spent auto-exploring this place.
 F = Levels seen in this place.
 G = Mean time per level.
                   A        B        C        D        E       F      G
               +--------+--------+--------+--------+--------+-----+--------+
         Total |  11057 |  10834 |    223 |      0 |   8580 |   8 | 1382.1 |
       Dungeon |  10087 |   9864 |    223 |      0 |   7889 |   7 | 1441.0 |
        Bailey |    970 |    970 |      0 |      0 |    691 |   1 |  970.0 |
               +--------+--------+--------+--------+--------+-----+--------+

Top non-repeatable levels by time:
     D:4: 2477 daAuts
     D:1: 2186 daAuts
     D:3: 1806 daAuts
     D:5: 1780 daAuts
     D:2: 1585 daAuts
  Bailey: 970 daAuts
     D:6: 190 daAuts
     D:7: 61 daAuts
